 Dungeon Crawl Stone Soup version 0.21.1-1-g345015f (webtiles) character file.

67 inc the Changer (level 4, 12/19 HPs)
             Began as a Felid Transmuter on Mar 13, 2018.
             Was an Initiate of Ru.
             Quit the game on level 4 of the Dungeon.
             The game lasted 00:04:36 (3680 turns).

inc the Changer (Felid Transmuter)                  Turns: 3680, Time: 00:04:36

Health: 12/19      AC:  1    Str:  6    XL:     4   Next: 0%
Magic:  8/8        EV: 18    Int: 15    God:    Ru [......]
Gold:   149        SH:  0    Dex: 17    Spells: 1/7 levels left
                                        Lives:  0   Deaths: 1

rFire    + . .     SeeInvis +     - Unarmed
rCold    + . .     Gourm    .   (shield unavailable)
rNeg     . . .     Faith    .   (armour unavailable)
rPois    +         Spirit   .   (helmet unavailable)
rElec    +         Reflect  .   (cloak unavailable)
rCorr    +         Harm     .   (gloves unavailable)
MR       .....                  (boots unavailable)
Stlth    +++.......             n - amulet of magic regeneration
HPRegen  0.06/turn              e - ring of stealth
MPRegen  0.36/turn              (no ring)

@: resistant, flying, hasted, very quick
A: very small, no armour, no weapons or thrown items, stealth, claws 1, fangs 3,
see invisible, carnivore, speed 1, shaggy fur 1, slow metabolism 1, sharp paws
a: Renounce Religion


You were on level 4 of the Dungeon.
You worshipped Ru.
Ru was noncommittal.
You were not hungry.

You visited 1 branch of the dungeon, and saw 4 of its levels.

You collected 149 gold pieces.

Inventory:

Missiles
 a - 45 arrows
Jewellery
 e - a ring of stealth (left paw)
 j - an uncursed ring of fire
 n - an amulet of magic regeneration (around neck)
Scrolls
 d - 2 scrolls of identify {unknown}
 g - a scroll of immolation {unknown}
 h - a scroll of remove curse {unknown}
 k - a scroll of magic mapping {unknown}
 l - a scroll of enchant weapon {unknown}
 o - a scroll of enchant armour {unknown}
Books
 b - a book of Changes

   Spells                             Type                      Level
   a - Beastly Appendage              Transmutation                1
   b - Sticks to Snakes               Transmutation                2
   c - Spider Form                    Transmutation/Poison         3
   d - Ice Form                       Ice/Transmutation            4
   e - Blade Hands                    Transmutation                5
Comestibles
 c - 9 rations


   Skills:
 + Level 1.0 Fighting
 - Level 2.6 Dodging
 - Level 3.0 Unarmed Combat
 - Level 2.0 Spellcasting
 - Level 5.7 Transmutations


You had one spell level left.
You knew the following spells:

 Your Spells              Type           Power        Failure   Level  Hunger
a - Beastly Appendage     Tmut           ###...       1%          1    #......
b - Sticks to Snakes      Tmut           ###.....     3%          2    ###....
c - Spider Form           Tmut/Pois      ##........   21%         3    ###....


Dungeon Overview and Level Annotations

Branches:
Dungeon (4/15)
 Temple: D:4-7

Altars:
Okawaru
Qazlal
Ru
Trog
The Shining One

Annotations:
D:3 1 runed door, Mirai's ghost, amateur DrCj
D:4 Grinder


Innate Abilities, Weirdness & Mutations

You cannot wear armour.
You are incapable of wielding weapons or throwing items.
Your paws allow you to move quietly. (Stealth)
You have sharp claws.
You have razor-sharp teeth.
You have supernaturally acute eyesight. (SInv)
You are carnivorous and can eat meat at any time.
You cover ground quickly.
You are covered in fur. (AC +1)
You have a slow metabolism.
Your sharp claws are effective at attacking unaware monsters.


Message History

Okay, then.
You swap places.
Your adder withers and dies!
You see here a flail.
Mirai's ghost gestures at you while chanting.
The magic dart hits you!
There is a stone staircase leading down here.
You climb downwards.
Level annotation: Grinder
There is a stone staircase leading up here.
It was a potion of resistance.
You feel protected.
It was a potion of flight.
You feel very buoyant.
You fly up into the air.
It was a potion of haste.
You feel yourself speed up.
Unknown command.
Put on which piece of jewellery? (? for menu, Esc to quit)
Okay, then.
Are you sure you want to abandon this character and quit the game? (Confirm with "yes".)

#.###.# .. #.#
#.# .# ##.#
#.# 5# #..#
#.# .# #.##
#.# .# #.# #.#
##.# #.#
#.###.# #.#
#....##
###@######.##
#...##......#
#.####.#####.#
#.# #.# #.#
#.# #.# ## #.#
#.# #.####.#
#...##.#
###.##.#


There were no monsters in sight!

Vanquished Creatures
  2 orc priests (D:3)
  A worker ant (D:4)
  An adder (D:2)
  2 dart slugs (D:1)
  2 leopard geckos
  3 orcs (D:3)
  5 bats
  A giant cockroach (D:3)
  4 goblins
  A hobgoblin (D:1)
  4 jackals
  A quokka (D:2)
  A ball python (D:2)
  3 frilled lizards
  9 kobolds
  5 rats
45 creatures vanquished.

Vanquished Creatures (collateral kills)
  An orc (D:3)
  A bat (D:1)
  A hobgoblin (D:2)
  A jackal (D:1)
4 creatures vanquished.

Vanquished Creatures (others)
  Natasha (D:3)
  4 toadstools (D:1)
5 creatures vanquished.

Grand Total: 54 creatures vanquished

Notes
Turn   | Place    | Note
-------+----------+-------------------------------------------
     0 | D:1      | inc the Felid Transmuter began the quest for the Orb.
     0 | D:1      | Reached XP level 1. HP: 9/9 MP: 4/4
    28 | D:1      | Reached skill level 3 in Transmutations
    28 | D:1      | Reached XP level 2. HP: 10/12 MP: 6/6
   130 | D:1      | Learned a level 2 spell: Sticks to Snakes
   871 | D:2      | Found an iron altar of Okawaru.
   881 | D:2      | Reached skill level 4 in Transmutations
   881 | D:2      | Reached XP level 3. HP: 12/15 MP: 5/7
  1425 | D:2      | Found a faded altar of an unknown god.
  1854 | D:3      | Found a glowing golden altar of the Shining One.
  1914 | D:3      | Found a sacrificial altar of Ru.
  1918 | D:3      | Became a worshipper of Ru the Awakened
  1990 | D:3      | Found a bloodstained altar of Trog.
  2319 | D:3      | Noticed Natasha
  2325 | D:3      | Learned a level 3 spell: Spider Form
  2455 | D:3      | Killed Natasha
  2483 | D:3      | Found a stormy altar of Qazlal.
  2631 | D:3      | Found a runed door.
  2708 | D:3      | Reached skill level 5 in Transmutations
  2708 | D:3      | Reached XP level 4. HP: 8/19 MP: 8/8
  3071 | D:4      | Noticed Grinder
  3412 | D:3      | Reached XP level 5. HP: 11/22 MP: 7/9
  3587 | D:3      | Noticed Mirai's ghost (amateur DrCj)
  3604 | D:3      | Killed from afar by Mirai's ghost
  3605 | D:3      | Reached XP level 4. HP: -5/19 MP: 8/8
  3680 | D:4      | Quit the game

Skill      XL: |  1  2  3 |
---------------+----------+-----
Transmutations | 3 4 5 |  5.7
Fighting       | |  1.0
Dodging        | |  2.6
Unarmed Combat | |  3.0
Spellcasting   | |  2.0

Action                   |  1- 3 |  4- 6 || total
-------------------------+-------+-------++-------
Melee: Unarmed           |   114 |    18 ||   132
       Bite              |     9 |       ||     9
       Headbutt          |     4 |       ||     4
       Punch             |     2 |       ||     2
 Cast: Beastly Appendage |     6 |       ||     6
       Sticks to Snakes  |     7 |     3 ||    10
       Spider Form       |     1 |     2 ||     3
  Use: Potion            |       |     3 ||     3
 Stab: Sleeping          |     9 |     1 ||    10
  Eat: Chunk             |     3 |     2 ||     5
Armor: Skin              |     7 |       ||     7
Dodge: Dodged            |    93 |    14 ||   107
